 Dungeon Crawl Stone Soup version 0.17.1-1-g73c8601 (webtiles) character file.

805 skittles the Slasher (level 7, -1/39 HPs)
             Began as a Vine Stalker Fighter on Dec 24, 2015.
             Was a Follower of Ashenzari.
             Slain by an ice beast (6 damage)
             ... on level 5 of the Dungeon.
             The game lasted 00:13:42 (4487 turns).

skittles the Slasher (Vine Stalker Fighter)         Turns: 4487, Time: 00:13:43

Health: -1/39      AC:  8    Str: 20    XL:     7   Next: 91%
Magic:  0/8        EV:  4    Int:  8    God:    Ashenzari [*.....]
Gold:   204        SH:  9    Dex: 14    Spells: 0 memorised, 6 levels left

rFire  . . .     SeeInvis .     a - +0 long sword
rCold  . . .     Clarity  .     r - +0 chain mail
rNeg   + . .     SustAt   .     c - +0 shield
rPois  +         Gourm    .     G - +0 helmet
rElec  .         Spirit   +     s - +2 cloak {+Inv}
rCorr  .         Warding  .     (no gloves)
rMut   .         Stasis   .     (no boots)
MR     .....                    y - amulet of rage
Stlth  ..........               (no ring)
                                w - ring of positive energy

@: drained, not resistant to hostile enchantments, extremely unstealthy
A: fangs 2, blurry vision 1, deformed body, poison resistance, regeneration 2,
magic shield, antimagic bite, no device heal 3, rot immunity
a: Scrying, Renounce Religion, Evoke Berserk Rage, Evoke Invisibility


You were on level 5 of the Dungeon.
You worshipped Ashenzari.
Ashenzari was aware of your devotion.
You were full.

You visited 1 branch of the dungeon, and saw 5 of its levels.

You collected 204 gold pieces.

Inventory:

Hand Weapons
 a - a +0 long sword (weapon)
 d - a +2 quarterstaff of chaos
 v - a +1 mace of protection
Missiles
 x - 4 javelins (quivered)
 A - 6 tomahawks
Armour
 b - a +0 scale mail
 c - a +0 shield (worn)
 f - a +2 helmet
 r - a +0 chain mail (worn)
 s - a +2 cloak of invisibility (worn)
 G - a +0 helmet (worn)
Jewellery
 o - an uncursed ring of flight
 w - a ring of positive energy (left hand)
 y - an amulet of rage (around neck)
Wands
 B - a wand of frost (48)
Scrolls
 h - 3 scrolls of remove curse
 l - 3 scrolls of teleportation
 z - a scroll of blinking
Potions
 g - a potion of lignification
 j - 6 potions of curing
 k - 2 potions of agility {unknown}
 n - a potion of flight
 F - a potion of brilliance
 H - a potion of resistance
Comestibles
 e - 3 bread rations
 i - 2 meat rations
 m - 3 chunks of flesh
 t - a beef jerky
 D - 2 royal jellies


   Skills:
 + Level 5.0(4.7) Fighting
 * Level 6.7(6.4) Long Blades
 - Level 2.4(2.1) Armour
 - Level 2.6(2.4) Shields


You had 6 spell levels left.
You didn't know any spells.

Dungeon Overview and Level Annotations

Branches:
Dungeon (5/15)
 Temple: D:4-7

Altars:
Ashenzari
Gozag
Qazlal


Innate Abilities, Weirdness & Mutations

You have extremely sharp teeth.
You heal very quickly.
When hurt, damage is shared between your health and your magic reserves.
Your bite disrupts and absorbs the magic of your enemies.
Potions and wands cannot restore your health.
You are immune to rotting.
Scrolls take you a little longer to read.
Armour fits poorly on your strangely shaped body.
Your system is resistant to poisons.


Message History

You slash the ice beast! Your bite misses the ice beast.
The ice beast is almost dead.
The hound bites you but does no damage. The kobold completely misses you.
The ice beast hits you but does no damage.
You block the hound's attack.
Unknown command.
Your chain mail prevents you from hitting the ice beast.
Your bite misses the ice beast.
The ice beast is almost dead.
You block the hound's attack.
The ice beast hits you but does no damage.
The kobold hits you but does no damage. You block the hound's attack.
Unknown command.
You hit the ice beast but do no damage.
You bite the ice beast, but do no damage.
The ice beast is almost dead.
The hound bites you but does no damage. The ice beast hits you.
* * * LOW HITPOINT WARNING * * *
The ice beast freezes you!
You die...

############################
...........#K......#....#...
...........@YK.....#....#...
..........h#########....####
########..........#......#.)
#....รท.....'...(..'.)
#####..........#......#..
.........#########..(.####
..)......).).....#..(.#...
.........#.).....#..(.#...
####################''#####


You could see an ice beast, a hound and 2 kobolds.

Vanquished Creatures
  Duvessa (D:5)
  A black bear (D:4)
  Purgy (D:3)
  A phantom (D:4)
  Dowan (D:5)
  A crimson imp (D:5)
  Crazy Yiuf (D:2)
  A hound (D:5)
  4 orc wizards (D:5)
  6 adders
  2 worms
  2 giant geckos
  11 orcs
  2 ball pythons
  8 giant cockroaches
  5 goblins
  8 hobgoblins
  37 kobolds
  6 bats
  5 giant newts
  6 jackals
  2 quokkas (D:5)
  14 rats
126 creatures vanquished.

Notes
Turn   | Place    | Note
--------------------------------------------------------------
     0 | D:1      | skittles the Vine Stalker Fighter began the quest for the Orb.
     0 | D:1      | Reached XP level 1. HP: 11/11 MP: 2/2
   134 | D:1      | Reached XP level 2. HP: 16/16 MP: 3/3
   160 | D:1      | Reached skill level 3 in Fighting
   445 | D:1      | Reached XP level 3. HP: 18/20 MP: 4/4
  1183 | D:2      | Reached XP level 4. HP: 13/24 MP: 5/5
  1693 | D:2      | Noticed Crazy Yiuf
  1700 | D:2      | Killed Crazy Yiuf
  1830 | D:2      | Reached XP level 5. HP: 21/28 MP: 6/6
  1956 | D:2      | Found a shattered altar of Ashenzari.
  1966 | D:2      | Became a worshipper of Ashenzari the Shackled
  2269 | D:3      | Reached skill level 4 in Long Blades
  2367 | D:3      | Found an opulent altar of Gozag.
  2626 | D:3      | Noticed Purgy
  2643 | D:3      | Killed Purgy
  2643 | D:3      | Gained mutation: You heal very quickly. [Vine Stalker growth]
  2643 | D:3      | Reached XP level 6. HP: 3/33 MP: 1/7
  3171 | D:4      | Reached skill level 5 in Long Blades
  3233 | D:4      | Found a stormy altar of Qazlal.
  3555 | D:4      | Reached XP level 7. HP: 21/38 MP: 5/8
  3610 | D:4      | Gained mutation: Your system is resistant to poisons. [potion of mutation]
  3610 | D:4      | Gained mutation: Armour fits poorly on your strangely shaped body. [potion of mutation]
  3610 | D:4      | Gained mutation: Scrolls take you a little longer to read. [potion of mutation]
  3636 | D:5      | Entered Level 5 of the Dungeon
  4001 | D:5      | Noticed Duvessa
  4002 | D:5      | Noticed Dowan
  4012 | D:5      | Killed Dowan
  4017 | D:5      | Reached skill level 6 in Long Blades
  4025 | D:5      | Killed Duvessa
  4025 | D:5      | Reached skill level 5 in Fighting
  4121 | D:5      | Reached * piety under Ashenzari
  4487 | D:5      | Slain by an ice beast

Action                   |  1- 3 |  4- 6 |  7- 9 || total
-------------------------+-------+-------+-------++-------
Melee: Long sword        |    93 |   128 |   136 ||   357
  Use: Potion            |       |     1 |     4 ||     5
       Scroll            |       |     1 |    13 ||    14
  Eat: Chunk             |     1 |     3 |     4 ||     8
       Bread ration      |       |     1 |       ||     1
       Meat ration       |       |       |     1 ||     1
